 Dungeon Crawl Stone Soup version 0.30-a0-51-g784eafce7f (webtiles) character file.

Game seed: 4892561744099827402

55 spaghetti the Ruffian (level 3, -3/20 HPs)
             Began as a Vine Stalker Chaos Knight on Sept 6, 2022.
             Was a Plaything of Xom.
             Slain by Crazy Yiuf
             ... wielding a +3 quarterstaff of chaos
              (7 damage)
             ... on level 2 of the Dungeon.
             The game lasted 00:03:12 (2001 turns).

spaghetti the Ruffian (Vine Stalker Chaos Knight)   Turns: 2001, Time: 00:03:12

Health: -3/20      AC:  5    Str: 14    XL:     3   Next: 93%
Magic:  0/5        EV: 11    Int: 14    God:    Xom [..*...]
Gold:   73         SH:  0    Dex: 13    Spells: 0/3 levels left

rFire   . . .      SeeInvis .      - Unarmed
rCold   . . .      Faith    .    (no shield)
rNeg    . . .      Spirit   +    a - +2 leather armour
rPois   .          Reflect  .    (no helmet)
rElec   .          Harm     .    (no cloak)
rCorr   .          Rampage  .    (no gloves)
Will    .....                    (no boots)
Stlth   +.........               (no amulet)
HPRegen 0.06/turn                (no ring)
MPRegen 0.09/turn                (no ring)

@: invisible
A: fangs 2, magic shield, antimagic bite, no potion heal 2, MP-powered wands
a: Renounce Religion


You were on level 2 of the Dungeon.
You worshipped Xom.
You were a toy of Xom.
You visited 1 branch of the dungeon, and saw 2 of its levels.

You collected 73 gold pieces.


Innate Abilities, Weirdness & Mutations

You have extremely sharp teeth.
When hurt, damage is shared between your health and your magic reserves.
Your bite disrupts and absorbs the magic of your enemies.
Potions cannot restore your health.
You expend magic power (3 MP) to strengthen your wands.


   Skills:
 + Level 3.0 Fighting
 + Level 2.0 Armour
 + Level 1.4 Dodging
 + Level 3.4 Unarmed Combat
 + Level 0.7 Spellcasting
 + Level 0.4 Transmutations


You couldn't memorise any spells.
You knew the following spells:

 Your Spells              Type           Power      Damage    Failure   Level
a - Beastly Appendage     Tmut           2%         N/A       26%         1
b - Wereblood             Tmut           1%         N/A       38%         2

Your spell library contained the following spells:

 Spells                   Type           Power      Damage    Failure   Level
 Spider Form              Tmut/Pois      1%         N/A       65%         3
 Gell's Gravitas          Tloc           0%         N/A       69%         3
 Lesser Beckoning         Tloc           0%         N/A       69%         3
 Teleport Other           Tloc           0%         N/A       69%         3

Inventory:

Missiles
 d - 14 stones {throwing}
 f - 4 datura-tipped darts {throwing}
Armour
 a - a +2 leather armour (worn)
Magical Staves
 p - a staff of conjuration {!a@e2staff}
   (You found it on level 2 of the Dungeon)
Wands
 m - a wand of polymorph (4)
   (You found it on level 2 of the Dungeon)
Scrolls
 e - 6 scrolls of identify {unknown}
 h - 2 scrolls of magic mapping {unknown}
 i - a scroll of teleportation {unknown}
 j - a scroll of enchant weapon {unknown}
 n - a scroll of fog {unknown}
Potions
 c - a potion of heal wounds {unknown}
 k - a potion of mutation {!q}
 l - a potion of lignification {unknown}
 o - a potion of curing {unknown}
Miscellaneous
 b - a piece from Xom's chessboard (15/15) (quivered)

Dungeon Overview and Level Annotations

Branches:
Dungeon (2/15) Zot: 9985

Altars:

Annotations:
D:2 Crazy Yiuf

#####....###
#....####...#
######
####...#
#....# #...#
#. ##..#
♣....♣ #...#
#. #..#
♣..♣♣♣ #...#
#. #..# ♣♣.♣
###.# #. #..#
♣.♣♣ #.# #.
#### ♣♣.♣ #.#
#. ♣.♣♣ #.#
#. ♣♣@♣ ###)#
#. #g# #...#
#####. ...
##.w###.....
#...#
#....#.....
#..)#
##.#.#.....
#####
#.#.#.....
#.#.+.....
#.###.....
#.# #.....


You could see Crazy Yiuf (unable to see you).


Message History

No target in view!
No target in view!
No target in view!
No target in view!
No target in view!
No target in view!
You open the door.
There is an open door here.
There is an open door here.
Key pressed, stopping explore.
A hobgoblin and an adder come into view.
The hobgoblin shouts!
The adder hisses angrily.
There are monsters nearby!
There are monsters nearby!
There are monsters nearby!
You barely miss the adder. Your bite misses the adder.
The adder bites you but does no damage.
You barely miss the adder. Your bite misses the adder.
The adder barely misses you.
The hobgoblin hits you but does no damage.
The adder bites you but does no damage.
You completely miss the adder.
The hobgoblin hits you but does no damage.
The adder bites you but does no damage.
You barely miss the adder. The hobgoblin completely misses you.
The adder bites you but does no damage.
You hit the adder. Your bite misses the adder. The adder closely misses you.
The hobgoblin hits you but does no damage.
You miss the adder. The adder closely misses you.
The hobgoblin closely misses you. The adder misses you.
You punch the adder!
You kill the adder!
The hobgoblin hits you but does no damage.
Your piece from Xom's chessboard (15/15) has regained one charge.
You closely miss the hobgoblin. The hobgoblin barely misses you.
You hit the hobgoblin. The hobgoblin closely misses you.
You hit the hobgoblin.
You kill the hobgoblin!
No target in view!
No target in view!
No target in view!
No target in view!
No target in view!
No target in view!
No target in view!
No target in view!
No target in view!
No target in view!
No target in view!
No target in view!
No target in view!
No target in view!
No target in view!
No target in view!
No target in view!
No target in view!
Unknown command.
You now have 73 gold pieces (gained 10).
e - 5 scrolls labelled UPOIFE RIOBRO (gained 1)
p - a staff of conjuration {!a@e2staff} 😎 MP[+1]
Your mp is fully restored (5).
As you open the door, it creaks loudly!
There is an open door here.
e - 6 scrolls labelled UPOIFE RIOBRO (gained 1)
There is an open door here.
Key pressed, stopping explore.
Key pressed, stopping explore.
Key pressed, stopping explore.
Xom makes a sudden noise!
You hear a very strange noise.
There is an open door here.
There is an open door here.
Key pressed, stopping explore.
Crazy Yiuf grits, "Lay seventy ena!"
Key pressed, stopping explore.
Could not explore, unopened runed door.
Could not explore, unopened runed door.
Could not explore, unopened runed door.
Could not explore, unopened runed door.
Could not explore, unopened runed door.
You open the door. You hit Crazy Yiuf but do no damage.
Crazy Yiuf hits you with a +3 quarterstaff of chaos. 😕 HP[-4]
You take 4 damage, and now have 16/20 hp.
Unknown command.
You hit Crazy Yiuf. Your bite misses Crazy Yiuf.
Crazy Yiuf hits you with a +3 quarterstaff of chaos!
Ouch! That really hurt!
* * * LOW HITPOINT WARNING * * *
You resist with some effort. 😱 HP[-12] MP[-3]
You take 12 damage, and now have 4/20 hp.
MASSIVE DAMAGE!! (PAUSE)
You lost 3 mp, and now have 2/5 mp.
It was a potion of invisibility.
You fade into invisibility!
Xom roars with laughter!
Crazy Yiuf hits you with a +3 quarterstaff of chaos!
You die...

Skill      XL: |  1  2  3 |
---------------+----------+-----
Dodging        | 1 |  1.4
Armour         | 2 |  2.0
Fighting       | 3 |  3.0
Unarmed Combat | |  3.4
Spellcasting   | |  0.7
Transmutations | |  0.4

Action                   || total
-------------------------++-------
Melee: Unarmed           ||   121
       Bite              ||    31
       Kick              ||     3
       Headbutt          ||     3
       Punch             ||     3
 Cast: Beastly Appendage ||     2
Evoke: Piece from Xom's  ||     1
  Use: Potion            ||     2
Armor: Leather armour    ||    32
       Skin              ||     2
Dodge: Dodged            ||    47

Levels and vault maps discovered:
D:1:      lightli_arrival_isolated_outpost, layout_rooms,
          ebering_ecumenical_altar_rust
D:2:      layout_basic, minmay_distorted, uniq_crazy_yiuf_cottage

Notes
Turn   | Place    | Note
-------+----------+-------------------------------------------
     0 | D:1      | spaghetti the Vine Stalker Chaos Knight began the quest for
                  | the Orb.
     0 | D:1      | Reached XP level 1. HP: 11/11 MP: 2/2
     0 | D:1      | magus.rc [v1.9.6]
    27 | D:1      | XOM: divination: detect creatures
   120 | D:1      | Reached skill level 1 in Dodging
   194 | D:1      | Reached XP level 2. HP: 15/16 MP: 1/3
   218 | D:1      | XOM: cloud trail
   231 | D:1      | You pick up a book of Changes and begin reading...
   231 | D:1      | You add the spells Beastly Appendage, Wereblood and Spider
                  | Form to your library.
   292 | D:1      | Learned a level 1 spell: Beastly Appendage
   341 | D:1      | Found a faded altar of an unknown god.
   371 | D:1      | You pick up a book of Displacement and begin reading...
   371 | D:1      | You add the spells Lesser Beckoning, Gell's Gravitas and
                  | Teleport Other to your library.
   466 | D:1      | XOM: divination: detect creatures
   645 | D:1      | XOM: divination: magic mapping
   708 | D:2      | XOM: silly message
   715 | D:2      | HP: 4/16 [worm (7)]
   717 | D:2      | Gained mutation: You expend magic power (3 MP) to
                  | strengthen your wands. [potion of mutation]
   727 | D:2      | XOM: noise
   988 | D:2      | HP: 3/16 [worm (8)]
  1244 | D:2      | Reached XP level 3. HP: 19/19 MP: 2/4
  1428 | D:2      | Reached skill level 2 in Armour
  1448 | D:2      | XOM: cast spell 'Statue Form'
  1450 | D:2      | Reached skill level 3 in Fighting
  1708 | D:2      | Found a runed translucent door.
  1709 | D:2      | Noticed Crazy Yiuf
  1796 | D:2      | Learned a level 2 spell: Wereblood
  1819 | D:2      | XOM: silly message
  1955 | D:2      | XOM: noise
  2000 | D:2      | HP: 4/20 [Crazy Yiuf/+3 quarterstaff of chaos (12)]
  2001 | D:2      | Slain by Crazy Yiuf

Vanquished Creatures
  An adder (D:2)
  2 worms (D:2)
  A dart slug (D:2)
  5 endoplasms
  A giant cockroach (D:1)
  3 goblins
  7 hobgoblins
  A quokka (D:1)
  5 ball pythons
  A bat (D:1)
  3 frilled lizards
  4 kobolds
  3 rats
37 creatures vanquished.

Table legend:
 A = Non-vault XP
 B = Vault XP
 C = Vault XP percentage of total XP
 D = Non-vault monster count
 E = Vault monster count
 F = Vault count percentage of total count
                 A         B        C        D         E       F
            +---------+---------+-------+---------+---------+-------
      Total |      77 |       2 |   2.5 |      35 |       2 |   5.4
            +---------+---------+-------+---------+---------+-------
        D:1 |      26 |       0 |   0.0 |      17 |       0 |   0.0
        D:2 |      51 |       2 |   3.8 |      18 |       2 |  10.0
            +---------+---------+-------+---------+---------+-------

Illustrated notes

Table legend:
 A = Kills in this place as a percentage of kills in entire the game.
 B = Kills by you in this place as a percentage of kills by you in the entire game.
 C = Kills by friends in this place as a percentage of kills by friends in the entire game.
 D = Other kills in this place as a percentage of other kills in the entire game.
 E = Experience gained in this place as a percentage of experience gained in the entire game.
 F = Experience gained in this place divided by the number of levels of this place that you have seen.
                   A       B       C       D       E      F
               +-------+-------+-------+-------+-------+----------------------
         Total | 100.0 | 100.0 |   N/A |   N/A | 100.0 |  39.5
       Dungeon | 100.0 | 100.0 |   N/A |   N/A | 100.0 |  39.5
               +-------+-------+-------+-------+-------+----------------------

Table legend: (Time is in decaauts)
 A = Elapsed time spent in this place.
 B = Non-inter-level travel time spent in this place.
 C = Inter-level travel time spent in this place.
 D = Time resting spent in this place.
 E = Time spent auto-exploring this place.
 F = Levels seen in this place.
 G = Mean time per level.
                   A        B        C        D        E       F      G
               +--------+--------+--------+--------+--------+-----+--------+
         Total |   2013 |   1987 |     26 |    472 |   1222 |   2 | 1006.5 |
       Dungeon |   2013 |   1987 |     26 |    472 |   1222 |   2 | 1006.5 |
               +--------+--------+--------+--------+--------+-----+--------+

Top non-repeatable levels by time:
     D:1: 1151 daAuts
     D:2: 861 daAuts
